 Dungeon Crawl Stone Soup version 0.27.1-3-gb3d3a73c9e (webtiles) character file.

Game seed: 8980222740791310439

351 Crownlay the Chopper (level 6, 0/51 HPs)
             Began as a Hill Orc Fighter on Oct 21, 2021.
             Was an Initiate of Gozag.
             Killed from afar by Maggie (26 damage)
             ... with a bolt of fire
             ... on level 6 of the Dungeon.
             The game lasted 00:04:11 (1904 turns).

Crownlay the Chopper (Hill Orc Fighter)             Turns: 1904, Time: 00:04:12

Health: 0/51       AC:  6    Str: 21    XL:     6   Next: 61%
Magic:  6/6        EV: 13    Int:  8    God:    Gozag
Gold:   335        SH:  0    Dex: 10    Spells: 5/5 levels left

rFire    . . .     SeeInvis .   a - +0 war axe
rCold    . . .     Faith    .   (no shield)
rNeg     . . .     Spirit   .   b - +0 scale mail
rPois    .         Reflect  .   (no helmet)
rElec    .         Harm     .   (no cloak)
rCorr    .         Rampage  .   (no gloves)
Will     +....                  (no boots)
Stlth    ..........             g - amulet of regeneration
HPRegen  1.17/turn              e - +4 ring of evasion
MPRegen  0.10/turn              h - ring of willpower

@: gold aura
A: no striking features
a: Renounce Religion, Potion Petition, Call Merchant, Bribe Branch


You were on level 6 of the Dungeon.
You worshipped Gozag.
Gozag was aware of your devotion.
You visited 1 branch of the dungeon, and saw 4 of its levels.

You collected 335 gold pieces.

Inventory:

Hand Weapons
 a - a +0 war axe (weapon)
Armour
 b - a +0 scale mail (worn)
 c - a +0 kite shield
Jewellery
 e - a +4 ring of evasion (left hand)
 g - an amulet of regeneration (around neck)
 h - a ring of willpower (right hand)
Wands
 d - a wand of mindburst (13)
Potions
 f - a potion of degeneration {unknown}
 i - a potion of attraction {unknown}


   Skills:
 - Level 3.6 Fighting
 * Level 7.5 Axes
 - Level 3.2 Armour
 + Level 5.2 Shields


You had 5 spell levels left.
You didn't know any spells.
Your spell library contained the following spells:

 Spells                   Type           Power      Damage    Failure   Level
 Corpse Rot               Necr/Air       N/A        N/A       87%         2
 Poisonous Vapours        Pois/Air       0%         N/A       87%         2
 Dazzling Flash           Conj/Hex       0%         N/A       98%         3
 Iskenderun's Mystic Bla  Conj/Tloc      0%         2d3       100%        4
 Freezing Cloud           Conj/Ice/Air   0%         6-21      100%        5
 Starburst                Conj/Fire      0%         6d3       100%        6


Dungeon Overview and Level Annotations

Branches:
Dungeon (3/15)

Altars:
Ashenzari
Dithmenos
Elyvilon
Gozag
Ru
Xom

Annotations:
D:6 Maggie


Message History

You see here a wand of mindburst (15).
Maggie casts a spell at you. The bolt of fire hits you!
You hear a shout! x2
You hear a shout! x4
Maggie shouts, "Leave me alone!"
Maggie casts a spell.
Maggie attempts to bespell you! You resist with almost no effort.
You see here a wand of mindburst (15).
d - a wand of mindburst (15) Maggie says, "Fear not.
I will immortalize you in the tale of my first kill."
Aiming: Mindburst
Press: ? - help, Shift-Dir - straight line, f - Maggie
Aim: Maggie, wielding a +0 glaive and wearing +0 acid dragon scales (chance to affect: 65%) Maggie's mind is blasted.
Aiming: Mindburst
Press: ? - help, Shift-Dir - straight line, f/p - Maggie
Aim: Maggie, wielding a +0 glaive and wearing +0 acid dragon scales (lightly wounded, chance to affect: 65%) Maggie's mind is blasted.
Maggie mumbles some strange words.
Maggie attempts to bespell you! You resist with some effort.
Maggie completely misses you.
You hit Maggie but do no damage.
Maggie is lightly wounded.
Maggie barely misses you.
A gnoll comes into view. It is wielding a +0 whip.
You barely miss Maggie.
Maggie is lightly wounded.
Maggie casts a spell at you. The bolt of fire hits you!!
A gnoll shaman comes into view. It is wielding a +0 whip.
You hear a shout!
You hit Maggie.
Maggie is lightly wounded.
You hear a shout!
You hear a croak.
Maggie casts a spell at you. The bolt of fire hits you!!
Ouch! That really hurt!
You die...
Your body crumbles into a pile of gold.

..##...###.......#
#.#...... ##..
#....##.####.##.....
#..###..#.........##.####
..........##.#######..
.#.####...>...# ##.g $
#.#.####.......# ..#
#..........### g..
########...# g.#. #@..#
#g#. #@..# #g..# g.....
....... $ ..........
##...##### #...#


You could see Maggie, a gnoll shaman and a gnoll.

Vanquished Creatures
  An ogre (D:6)
  A sky beast (D:6)
  A gnoll shaman (D:6)
  Terence (D:2)
  2 adders
  5 gnolls (D:6)
  An ufetubus (D:3)
  A worm (D:2)
  2 dart slugs (D:1)
  An orc (D:6)
  2 endoplasms (D:1)
  2 goblins
  9 hobgoblins
  4 quokkas
  2 ball pythons (D:1)
  2 bats
  3 frilled lizards
  3 kobolds (D:1)
  4 rats
47 creatures vanquished.

Notes
Turn   | Place    | Note
-------+----------+-------------------------------------------
     0 | D:1      | Crownlay the Hill Orc Fighter began the quest for the Orb.
     0 | D:1      | Reached XP level 1. HP: 19/19 MP: 1/1
    99 | D:1      | Reached skill level 3 in Axes
   242 | D:1      | Reached XP level 2. HP: 25/26 MP: 2/2
   804 | D:2      | Reached skill level 4 in Axes
   810 | D:2      | Reached XP level 3. HP: 31/31 MP: 3/3
  1176 | D:2      | Found a shimmering altar of Xom.
  1202 | D:2      | Found a faded altar of an unknown god.
  1290 | D:2      | Became a worshipper of Gozag Ym Sagoz the Greedy
  1496 | D:2      | Noticed Terence
  1513 | D:2      | Killed Terence
  1514 | D:2      | Reached skill level 5 in Axes
  1514 | D:2      | Reached XP level 4. HP: 37/39 MP: 4/4
  1557 | D:3      | Found a shadowy altar of Dithmenos.
  1557 | D:3      | Found a sacrificial altar of Ru.
  1557 | D:3      | Found a broken altar of Ashenzari.
  1557 | D:3      | Found a white marble altar of Elyvilon.
  1709 | D:3      | You fall into a shaft and drop 3 floors!
  1709 | D:6      | Found an opulent altar of Gozag.
  1735 | D:6      | Reached XP level 5. HP: 21/45 MP: 5/5
  1737 | D:6      | Reached skill level 6 in Axes
  1835 | D:6      | Noticed an ogre
  1850 | D:6      | Killed an ogre
  1851 | D:6      | Reached skill level 7 in Axes
  1851 | D:6      | Reached skill level 5 in Shields
  1851 | D:6      | Reached XP level 6. HP: 45/51 MP: 6/6
  1879 | D:6      | Noticed a sky beast
  1889 | D:6      | Killed a sky beast
  1895 | D:6      | Noticed Maggie
  1904 | D:6      | Killed from afar by Maggie

Illustrated notes

Levels and vault maps discovered:
D:1:      minmay_arrival_up_and_down, layout_loops_ring
D:2:      layout_loops_ring, basic_altar, ebering_ecumenical_altar_rust,
          grunt_decor_cap, uniq_terence
D:3:      layout_basic, grunt_temple_overflow_lords_of_destruction,
          lemuel_tele_altar, chequers_temple_overflow_statue_of_worship,
          uniq_crazy_yiuf_cottage, uniq_natasha
D:6:      layout_loops_cross, mainiacjoe_overflow_alcove_2,
          mainiacjoe_overflow_small_starburst, zin_scriptorium, uniq_menkaure,
          uniq_maggie

Skill      XL: |  1  2  3  4  5 |
---------------+----------------+-----
Axes           | 3 4 5 7 |  7.5
Shields        | 4 5 |  5.2
Fighting       | |  3.6
Armour         | |  3.2

Action                   |  1- 3 |  4- 6 || total
-------------------------+-------+-------++-------
Melee: War axe           |    83 |    65 ||   148
Evoke: Wand              |       |     2 ||     2
  Use: Potion            |       |     1 ||     1
       Scroll            |       |     1 ||     1
Armor: Scale mail        |    25 |    16 ||    41
Dodge: Dodged            |    59 |    55 ||   114
